 Dungeon Crawl Stone Soup version 0.17.1-3-g152610e (webtiles) character file.

3128 KrozogBurug the Basher (level 9, 0/74 HPs)
             Began as an Ogre Wizard on Feb 25, 2016.
             Was a Priest of Vehumet.
             Slain by a killer bee (10 damage)
             ... on level 8 of the Dungeon.
             The game lasted 00:49:45 (11585 turns).

KrozogBurug the Basher (Ogre Wizard)               Turns: 11585, Time: 00:49:45

Health: 0/74       AC:  5    Str: 14      XL:     9   Next: 92%
Magic:  8/16       EV:  9    Int: 20      God:    Vehumet [***...]
Gold:   296        SH:  0    Dex:  8 (11) Spells: 6 memorised, 5 levels left

rFire  + . .     SeeInvis .     x - +2 spear (venom)
rCold  . . .     Clarity  .     a - +2 robe {rN+}
rNeg   + . .     SustAt   .     (no shield)
rPois  .         Gourm    .     b - +0 hat
rElec  .         Spirit   .     (no cloak)
rCorr  .         Warding  .     (gloves unavailable)
rMut   .         Stasis   .     (boots unavailable)
MR     .....                    (no amulet)
Stlth  +.........               J - +3 ring of dexterity
                                l - ring of protection from fire

@: not resistant to hostile enchantments, very unstealthy
A: unfitting armour, tough skin 1
a: Renounce Religion


You were on level 8 of the Dungeon.
You worshipped Vehumet.
Vehumet was most pleased with you.
You were not hungry.

You visited 1 branch of the dungeon, and saw 8 of its levels.
You also visited: Ossuary.

You collected 296 gold pieces.

Inventory:

Hand Weapons
 h - a +0 dire flail
 i - a +1 dagger of venom
 s - a +0 giant spiked club
 x - a +2 spear of venom (weapon)
Armour
 a - a +2 robe of positive energy (worn)
 b - a +0 hat (worn)
 A - a +0 robe of cold resistance
Jewellery
 j - an uncursed ring of see invisible
 l - a ring of protection from fire (left hand)
 q - an uncursed ring of sustain attributes
 J - a +3 ring of dexterity (right hand)
Wands
 o - a wand of frost (17)
 D - a wand of flame (19)
 F - a wand of disintegration (7)
 I - a wand of disintegration (16)
Scrolls
 f - 4 scrolls of remove curse
 k - 3 scrolls of enchant weapon
 n - 4 scrolls of teleportation
 p - a scroll of immolation {unknown}
 v - 2 scrolls of amnesia
 w - a scroll of recharging {unknown}
 y - a scroll of magic mapping {unknown}
 C - a scroll of fear {unknown}
 G - a scroll of random uselessness {unknown}
 M - 2 scrolls of fog {unknown}
Potions
 e - 2 potions of haste
 m - a potion of cancellation
 r - 2 potions of invisibility
 t - a potion of cure mutation {unknown}
 u - a potion of heal wounds {unknown}
 z - a potion of magic {unknown}
 L - 2 potions of flight {unknown}
 N - 2 potions of lignification
 O - 2 potions of might
Books
 c - a book of Minor Magic

   Spells                             Type                      Level
   a - Magic Dart                     Conjuration                  1
   b - Blink                          Translocation                2
   c - Call Imp                       Summoning                    2
   d - Repel Missiles                 Charms/Air                   2
   e - Slow                           Hexes                        2
   f - Conjure Flame                  Conjuration/Fire             3
   g - Mephitic Cloud                 Conjuration/Poison/Air       3
 P - a book of Ice

   Spells                             Type                      Level
   a - Ice Form                       Ice/Transmutation            4
   b - Metabolic Englaciation         Hexes/Ice                    5
   c - Ozocubu's Refrigeration        Ice                          6
   d - Bolt of Cold                   Conjuration/Ice              6
   e - Freezing Cloud                 Conjuration/Ice/Air          6
   f - Simulacrum                     Ice/Necromancy               6
Comestibles
 d - 8 bread rations
 g - a royal jelly
 B - a fruit
 E - 2 meat rations
 H - a beef jerky


   Skills:
 + Level 10.2 Maces & Flails
 - Level 1.7 Dodging
 - Level 1.9 Stealth
 - Level 5.0 Spellcasting
 - Level 5.2 Conjurations
   Level 0.6 Summonings
 - Level 2.2 Translocations
 - Level 5.2 Fire Magic
 * Level 0.0 Air Magic


You had 5 spell levels left.
You knew the following spells:

 Your Spells              Type           Power        Failure   Level  Hunger
a - Magic Dart            Conj           ####         1%          1    None
b - Blink                 Tloc           N/A          10%         2    None
c - Mephitic Cloud        Conj/Pois/Air  ##......     4%          3    ##.....
d - Conjure Flame         Conj/Fire      ####....     1%          3    ##.....
e - Throw Flame           Conj/Fire      ####..       1%          2    None
f - Searing Ray           Conj           ####..       1%          2    None


Dungeon Overview and Level Annotations

Branches:
Dungeon (8/15)             Temple (0/1) D:5
   Lair: D:8-11

Altars:
Ashenzari
Fedhas
Kikubaaqudgha
Makhleb
Okawaru
Qazlal
Sif Muna
Vehumet
Xom
Zin


Innate Abilities, Weirdness & Mutations

You are too large for most types of armour.
You have tough skin (AC +1).


Message History

The killer bee zombie hits you.
* * * LOW HITPOINT WARNING * * *
The giant frog hits you.
* * * LOW HITPOINT WARNING * * *
Casting: Searing Ray
Confirm with . or Enter, or press ? or * to list all spells.
You blink.
Really walk into that teleport trap?
You enter a teleport trap!
The teleport trap disappears.
Your surroundings suddenly seem different. 2 orcs come into view.
An orc warrior comes into view. It is wielding a scimitar.
The orc warrior shouts!
The orc shouts!
The orc shouts!
A centaur skeleton comes into view.
A jelly comes into view.
The jelly quivers.
The killer bee buzzes angrily.
The killer bee stings you!
You die...

##.####. #....
.....#.. ##....
#.#...### #####.....
.......###.....#...
#.#.#.....oo.......
#.#...o.....#######
#.....#.##### #
#######...J.#.# #
.......<@.#...## ####
#######y#.##...# #...
#...##...# #...
#...#####..#######...
#...## #.......#####
#... #.#####...###
....# #.# ###...#
..## #.# ###.# .# #.#
#..


You could see a jelly, a killer bee and an orc.

Vanquished Creatures
  A troll (D:7)
  A spriggan (D:7)
  A hungry ghost (D:7)
  Edmund (D:5)
  A water moccasin (D:7)
  Duvessa (D:4)
  3 ice beasts
  An ogre (D:6)
  An orc warrior (D:7)
  A phantom (D:7)
  A centaur (D:5)
  2 elf zombies (Ossuary)
  3 giant frogs
  Dowan (D:4)
  A scorpion (D:7)
  A water moccasin skeleton (D:4)
  5 hounds
  A quasit (D:7)
  A giant frog skeleton (D:5)
  2 centaur zombies
  A crimson imp (D:7)
  2 iguanas
  2 jellies
  A gnoll shaman (D:5)
  A human zombie (Ossuary)
  Jessica (D:4)
  2 orc priests (D:6)
  4 orc wizards
  7 worker ants
  A killer bee zombie (D:7)
  2 big kobold zombies (Ossuary)
  2 mummies (Ossuary)
  9 gnolls
  8 adders
  A shadow imp (D:6)
  An adder skeleton (D:5)
  4 worms
  5 giant geckos
  10 orcs
  2 ball pythons (D:3)
  5 giant cockroaches
  7 goblins
  4 hobgoblins
  13 jackals
  7 quokkas
  5 bats
  5 giant newts
  3 goblin zombies (Ossuary)
  10 hobgoblin zombies (Ossuary)
  A jackal skeleton (D:4)
  2 jackal zombies
  5 kobolds
  9 kobold zombies (Ossuary)
  8 orc zombies (Ossuary)
  8 rats
188 creatures vanquished.

Notes
Turn   | Place    | Note
--------------------------------------------------------------
     0 | D:1      | KrozogBurug the Ogre Wizard began the quest for the Orb.
     0 | D:1      | Reached XP level 1. HP: 16/16 MP: 5/5
     0 | D:1      | Noticed a large abomination
     0 | D:1      | Noticed an orb of fire
     1 | D:1      | Noticed a large abomination
     1 | D:1      | Noticed a tentacled monstrosity
     3 | D:1      | Noticed an ice dragon
     3 | D:1      | Noticed a shadow dragon
     5 | D:1      | Noticed a black draconian
     6 | D:1      | Noticed an iron dragon
     7 | D:1      | Noticed an iron dragon
    12 | D:1      | Noticed a tentacled monstrosity
    14 | D:1      | Noticed a tentacled monstrosity
    14 | D:1      | Noticed a mottled draconian
    14 | D:1      | Noticed a tentacled monstrosity
    16 | D:1      | Noticed a large abomination
    16 | D:1      | Noticed an iron dragon
    18 | D:1      | Noticed a large abomination
    20 | D:1      | Noticed an iron dragon
   154 | D:1      | Reached skill level 1 in Conjurations
   385 | D:1      | Reached XP level 2. HP: 12/24 MP: 6/6
  1201 | D:1      | Reached skill level 1 in Maces & Flails
  1324 | D:2      | Reached XP level 3. HP: 31/31 MP: 2/8
  1527 | D:2      | Learned a level 2 spell: Blink
  1736 | D:2      | HP: 1/31 [quokka (3)]
  2178 | D:2      | Learned a level 3 spell: Mephitic Cloud
  2182 | D:2      | Learned a level 3 spell: Conjure Flame
  2486 | D:3      | Reached XP level 4. HP: 35/39 MP: 3/9
  2747 | D:3      | Found a deep blue altar of Sif Muna.
  2747 | D:3      | Found a radiant altar of Vehumet.
  2803 | D:3      | Became a worshipper of Vehumet
  3505 | D:4      | Noticed Dowan
  3553 | D:4      | Killed Dowan
  3553 | D:4      | Reached XP level 5. HP: 36/45 MP: 0/10
  3692 | D:4      | Found a shattered altar of Ashenzari.
  3723 | D:4      | Noticed Duvessa
  3943 | D:4      | Killed Duvessa
  3943 | D:4      | Reached XP level 6. HP: 22/53 MP: 11/11
  4241 | D:4      | Noticed Jessica
  4249 | D:4      | Killed Jessica
  4249 | D:4      | Reached skill level 4 in Maces & Flails
  4250 | D:4      | Found a deep blue altar of Sif Muna.
  4668 | D:5      | Entered Level 5 of the Dungeon
  5008 | D:5      | Found a staircase to the Ecumenical Temple.
  5044 | D:5      | Reached XP level 7. HP: 45/59 MP: 8/12
  5556 | D:5      | Noticed a blizzard demon
  5557 | D:5      | Found a burning altar of Makhleb.
  5560 | D:5      | Found a glowing silver altar of Zin.
  5560 | D:5      | Noticed an angel
  6066 | D:5      | Found a stormy altar of Qazlal.
  6151 | D:6      | Noticed Edmund
  6226 | D:5      | Killed Edmund
  6226 | D:5      | Reached skill level 5 in Maces & Flails
  6226 | D:5      | Reached skill level 5 in Conjurations
  6647 | D:6      | Reached * piety under Vehumet
  6647 | D:6      | Offered knowledge of Sandblast by Vehumet.
  7339 | D:6      | Found an iron altar of Okawaru.
  7468 | D:5      | Reached XP level 8. HP: 47/67 MP: 12/14
  7583 | D:6      | Reached skill level 6 in Maces & Flails
  7722 | D:6      | Found a blossoming altar of Fedhas.
  7733 | D:6      | Found an ancient bone altar of Kikubaaqudgha.
  8092 | D:6      | Reached skill level 5 in Spellcasting
  8210 | D:6      | Reached skill level 7 in Maces & Flails
  8210 | D:6      | Reached skill level 1 in Translocations
  8592 | D:7      | Found a shimmering altar of Xom.
  8666 | D:7      | Reached skill level 8 in Maces & Flails
  8700 | D:7      | Found a sand-covered staircase.
  8705 | Ossuary  | Entered an ossuary
  8833 | Ossuary  | Offered knowledge of Throw Flame by Vehumet.
  8836 | Ossuary  | Reached ** piety under Vehumet
  8845 | Ossuary  | Learned a level 2 spell: Throw Flame
  9092 | Ossuary  | Reached skill level 1 in Fire Magic
  9252 | Ossuary  | Reached XP level 9. HP: 61/74 MP: 14/16
  9619 | D:7      | Offered knowledge of Searing Ray by Vehumet.
  9623 | D:7      | Learned a level 2 spell: Searing Ray
  9719 | D:7      | Reached skill level 9 in Maces & Flails
  9904 | D:7      | Reached *** piety under Vehumet
 10911 | D:7      | Reached skill level 10 in Maces & Flails
 11083 | D:7      | Found a shimmering altar of Xom.
 11084 | D:7      | Found a shimmering altar of Xom.
 11087 | D:7      | Found a shimmering altar of Xom.
 11088 | D:7      | Found a shimmering altar of Xom.
 11420 | D:7      | Reached skill level 5 in Fire Magic
 11585 | D:8      | Slain by a killer bee

Action                   |  1- 3 |  4- 6 |  7- 9 || total
-------------------------+-------+-------+-------++-------
Melee: Unarmed           |    31 |       |       ||    31
       Spear             |   164 |       |   337 ||   501
       Flail             |       |    35 |       ||    35
       Dagger            |       |    57 |    24 ||    81
       Dire flail        |       |       |    21 ||    21
 Cast: Magic Dart        |    61 |    58 |   141 ||   260
       Blink             |       |     6 |     4 ||    10
       Conjure Flame     |       |     1 |    12 ||    13
       Mephitic Cloud    |       |       |     3 ||     3
       Throw Flame       |       |       |    90 ||    90
       Searing Ray       |       |       |     4 ||     4
Evoke: Wand              |       |       |     2 ||     2
  Use: Scroll            |     4 |     7 |     5 ||    16
       Potion            |     1 |       |     2 ||     3
 Stab: Sleeping          |     1 |       |     2 ||     3
       Confused          |       |       |     3 ||     3
  Eat: Chunk             |     5 |     8 |    20 ||    33
       Beef jerky        |       |       |     1 ||     1
       Fruit             |       |       |     1 ||     1
